[Event "Titled Tuesday Blitz June 14 Late 2022"]
[White "Estrada Nieto, Julian"]
[Black "Curtis, John"]
[WhiteFideId "5101018"]
[BlackFideId "3200256"]
[WhiteElo "2252"]
[BlackElo "2203"]
[Result "1/2-1/2"]
[Round "08"]
[TimeControl "180+1"]
[Date "2022.06.15"]
[WhiteClock "0:00:07"]
[BlackClock "0:00:08"]

1. e4 c5 2. Nf3 d6 3. d4 cxd4 4. Qxd4 Nc6 5. Bb5 Bd7 6. Bxc6 bxc6 7. c4 e5 8. Qd3 Qc8 9. O-O f5 10. Nc3 Nf6 11. c5 fxe4 12. Nxe4 d5 13. Nxf6+ gxf6 14. Qc2 Bf5 15. Qa4 Rg8 16. Re1 Rg4 17. Qd1 Be4 18. h3 Rg7 19. Bh6 Rg8 20. Nh4 Be7 21. Rxe4 dxe4 22. Qh5+ Kd7 23. Rd1+ Kc7 24. Qf7 Qe8 25. Qe6 Rd8 26. Rxd8 Bxd8 27. Qf5 e3 28. Bxe3 Qd7 29. Qe4 f5 30. Nxf5 Qd5 31. f3 Qxe4 32. fxe4 Bg5 33. Bxg5 Rxg5 34. Kf2 Rg8 35. Kf3 Rb8 36. b3 a5 37. g4 a4 38. bxa4 Rb4 39. g5 Rxa4 40. h4 Kd7 41. h5 Ke6 42. g6 hxg6 43. hxg6 Kf6 44. g7 Kf7 45. Nd6+ Kxg7 46. Kg4 Kg6 47. a3 Rxa3 48. Nc4 Ra4 49. Nxe5+ Kf6 50. Kf4 Ke6 51. Ng4 Rc4 52. Ne3 Rxc5 53. Nf5 Rxf5+ 54. exf5+ Kf6 55. Ke4 c5 56. Kd5 c4 57. Kxc4 Kxf5 1/2-1/2


[Site "https://www.chess.com"]

[Event "Titled Tuesday Blitz June 14 Late 2022"]
[White "Fidalgo, Andre Neves"]
[Black "Fishbein, Mitch"]
[WhiteFideId "1933620"]
[BlackFideId "30922917"]
[WhiteElo "2023"]
[BlackElo "1939"]
[Result "0-1"]
[Round "08"]
[TimeControl "180+1"]
[Date "2022.06.15"]
[WhiteClock "0:00:06"]
[BlackClock "0:00:18"]

1. d4 Nf6 2. c4 g6 3. g3 d5 4. cxd5 Qxd5 5. Nf3 Bg7 6. Nc3 Qd8 7. Bg2 O-O 8. O-O c6 9. e4 Bg4 10. Be3 Nbd7 11. h3 Bxf3 12. Bxf3 e5 13. d5 cxd5 14. Nxd5 Nxd5 15. Qxd5 Nb6 16. Qxb7 Nc4 17. Rfd1 Qf6 18. Bg2 Nxe3 19. fxe3 Qg5 20. Kh2 h5 21. Qb3 h4 22. gxh4 Qxh4 23. Rd7 Rab8 24. Qc2 Bh6 25. Qe2 a5 26. Rf1 Qg5 27. b3 Rbc8 28. Qd3 Qxe3 29. Qxe3 Bxe3 30. Rd5 Bf4+ 31. Kh1 a4 32. bxa4 Rc2 33. Rb1 Rxa2 34. a5 Ra8 35. Bf1 R2xa5 36. Rxa5 Rxa5 37. Be2 Ra3 38. Bg4 Kg7 39. Rb7 Kf6 40. Kg2 Ra2+ 41. Kf3 Ra3+ 42. Ke2 Re3+ 43. Kd1 Rxe4 44. Rb6+ Kg5 45. Bf3 Rd4+ 46. Ke2 Rd2+ 47. Kf1 Kh4 48. Bg2 Kg3 49. Rb3+ Kh2 50. Bd5 Rxd5 0-1


[Site "https://www.chess.com"]

[Event "Titled Tuesday Blitz June 14 Late 2022"]
[White "Girsh, Daniel"]
[Black "Papp, Levente"]
[WhiteFideId "30949190"]
[BlackFideId "751243"]
[WhiteElo "2503"]
[BlackElo "2308"]
[Result "1-0"]
[Round "08"]
[TimeControl "180+1"]
[Date "2022.06.15"]
[WhiteClock "0:00:37"]
[BlackClock "0:00:03"]

1. e4 e6 2. d4 d5 3. Nc3 Bb4 4. e5 Ne7 5. a3 Bxc3+ 6. bxc3 b6 7. Qg4 Ng6 8. h4 h5 9. Qg3 Ba6 10. Bxa6 Nxa6 11. a4 c5 12. Ba3 Qc7 13. Ne2 cxd4 14. cxd4 Qxc2 15. Rc1 Qe4 16. f3 Qd3 17. Rc3 Qb1+ 18. Rc1 Qb3 19. Rc3 Qxa4 20. Bd6 Kd7 21. O-O Rac8 22. Rd3 Qc2 23. Re3 Qf5 24. Ra1 Kc6 25. Rxa6 Kb7 26. Rea3 Ra8 27. Kh2 Rhc8 28. Ra2 Qd3 29. R6a3 Qf5 30. Nc3 Rc4 31. Nb5 a5 32. Rb2 Rac8 33. Rab3 Ka6 34. Na3 R8c6 35. Nxc4 dxc4 36. Rc3 b5 37. Ra2 Kb6 38. Bc5+ Ka6 39. Qe1 Qf4+ 40. g3 Qf5 41. Rxa5+ Kb7 42. Ra7+ Kc8 43. Qa1 b4 44. Bxb4 Nxh4 45. Ra8+ Kd7 46. Ra7+ Rc7 47. Rxc7+ Kxc7 48. Rxc4+ Kb6 49. Qa5+ 1-0


[Site "https://www.chess.com"]

[Event "Titled Tuesday Blitz June 14 Late 2022"]
[White "Hambleton, Aman"]
[Black "Ambartsumova, Karina"]
[WhiteFideId "2606577"]
[BlackFideId "4166299"]
[WhiteElo "2552"]
[BlackElo "2262"]
[Result "1-0"]
[Round "08"]
[TimeControl "180+1"]
[Date "2022.06.14"]
[WhiteClock "0:00:02"]
[BlackClock "0:00:10"]

1. b3 e5 2. Bb2 Nc6 3. e3 g6 4. c4 Bg7 5. Nc3 Nge7 6. g3 d5 7. cxd5 Nxd5 8. a3 O-O 9. Bg2 Nb6 10. Nge2 Bf5 11. O-O Bd3 12. Re1 Qd7 13. Ne4 Qe7 14. Nc1 Rfd8 15. Nxd3 Rxd3 16. Qc2 Rad8 17. Red1 R3d5 18. b4 Nb8 19. Nc5 c6 20. d4 R5d6 21. dxe5 Rxd1+ 22. Rxd1 Rxd1+ 23. Qxd1 N8d7 24. Nxb7 Nc4 25. Bc1 Ndxe5 26. Qd8+ Qxd8 27. Nxd8 Nd3 28. Bf1 Nxc1 29. Bxc4 Bb2 30. a4 Ba3 31. Nxc6 Kf8 32. Kf1 Ke8 33. b5 Bc5 34. Ke1 Na2 35. Bxa2 1-0


[Site "https://www.chess.com"]

[Event "Titled Tuesday Blitz June 14 Late 2022"]
[White "Harsh Suresh"]
[Black "Voege, Tobias"]
[WhiteFideId "45018464"]
[BlackFideId "1270513"]
[WhiteElo "2059"]
[BlackElo "2379"]
[Result "1-0"]
[Round "08"]
[TimeControl "180+1"]
[Date "2022.06.14"]
[WhiteClock "0:01:02"]
[BlackClock "0:00:14"]

1. d4 Nf6 2. Nf3 g6 3. Bf4 Bg7 4. e3 O-O 5. h4 h5 6. Bd3 d6 7. Nbd2 c6 8. Qe2 Re8 9. O-O-O Qa5 10. Kb1 e5 11. dxe5 dxe5 12. Nxe5 Nd5 13. Ndc4 Qc7 14. Nxg6 Nxf4 15. Nxf4 b5 16. Nd2 Qe5 17. c3 Bg4 18. Nf3 Qe7 19. Qc2 Na6 20. Ng5 Nc5 21. Bh7+ Kf8 22. f3 Qxe3 23. fxg4 Na4 24. Rhf1 Bxc3 25. Nd5 1-0


[Site "https://www.chess.com"]

[Event "Titled Tuesday Blitz June 14 Late 2022"]
[White "Hernandez Bermudez, Ulises Eduardo"]
[Black "Kostiukov, Alexandr"]
[WhiteFideId "3902510"]
[BlackFideId "14108100"]
[WhiteElo "2056"]
[BlackElo "2202"]
[Result "0-1"]
[Round "08"]
[TimeControl "180+1"]
[Date "2022.06.15"]
[WhiteClock "0:00:03"]
[BlackClock "0:00:03"]

1. e4 c5 2. c3 g6 3. d4 cxd4 4. cxd4 d5 5. e5 Nc6 6. Nf3 Bg4 7. Be2 Nh6 8. O-O Nf5 9. Nbd2 Qb6 10. a3 Bxf3 11. Nxf3 Ncxd4 12. Qa4+ Nc6 13. Bd2 Bg7 14. Rad1 O-O 15. Bc3 e6 16. b4 d4 17. Ba1 Nxe5 18. Nxd4 Nxd4 19. Bxd4 Qc6 20. Qxc6 Nxc6 21. Bxg7 Kxg7 22. Rd7 Rab8 23. Rc1 Rfd8 24. Rcd1 a6 25. Bf1 Kf8 26. Rxd8+ Rxd8 27. Rc1 Rd5 28. g3 Ne5 29. Rc7 Rd7 30. Rc5 Nc6 31. Bxa6 Nxb4 32. Bb5 Rd1+ 33. Kg2 Nd5 34. Rc8+ Ke7 35. Rb8 b6 36. Bc6 Rb1 37. a4 Rb4 38. Bb5 h5 39. Rb7+ Kf6 40. Be8 Ne7 41. Bb5 g5 42. Rxb6 Rb2 43. Rb7 g4 44. a5 Nf5 45. Kf1 Nd6 46. a6 Rxb5 47. Rd7 Ke5 48. a7 Ra5 49. Ke2 f5 50. f4+ gxf3+ 51. Kxf3 Nb5 52. Rh7 Nxa7 53. Rxh5 Nc6 54. g4 Ra3+ 55. Kg2 Nd4 56. gxf5 exf5 57. Rh8 Ra2+ 58. Kh3 Kf4 59. Rh4+ Ke5 60. Rh8 Nf3 61. Kg3 Ng5 62. Re8+ Ne6 63. h4 Ra3+ 64. Kg2 Kf6 65. h5 Nf4+ 66. Kf2 Nxh5 67. Rf8+ Kg5 68. Rg8+ Kf4 69. Rc8 Nf6 70. Ke1 Ne4 71. Rc2 Re3+ 72. Kf1 Kf3 73. Rc1 Ng3+ 74. Kg1 f4 75. Ra1 Kg4 76. Rc1 Kh3 77. Rd1 Re2 78. Rd2 Re3 79. Kf2 Ra3 80. Rd8 Ne4+ 81. Kf1 Ra2 82. Rh8+ Kg3 83. Rg8+ Kf3 84. Rh8 Ra1# 0-1


[Site "https://www.chess.com"]

[Event "Titled Tuesday Blitz June 14 Late 2022"]
[White "Hjartarson, Johann"]
[Black "Golubev, Mikhail"]
[WhiteFideId "2300044"]
[BlackFideId "14100983"]
[WhiteElo "2458"]
[BlackElo "2374"]
[Result "1-0"]
[Round "08"]
[TimeControl "180+1"]
[Date "2022.06.14"]
[WhiteClock "0:00:55"]
[BlackClock "0:00:02"]

1. e4 c5 2. Nf3 d6 3. d4 cxd4 4. Nxd4 Nf6 5. Nc3 g6 6. Be2 Bg7 7. O-O O-O 8. Kh1 Nc6 9. Nb3 Be6 10. f4 Qc8 11. Be3 Bg4 12. Bxg4 Qxg4 13. Qd2 Qe6 14. f5 Qc4 15. Qd3 Qxd3 16. cxd3 e6 17. Bg5 Nd7 18. Rac1 Rac8 19. f6 Bh8 20. Nb5 Nb4 21. Nxd6 Rxc1 22. Nxc1 Rb8 23. d4 h6 24. Bd2 Nc6 25. e5 Nxd4 26. Nd3 Nc6 27. Bc3 b5 28. b3 Rb6 29. Rc1 Ncxe5 30. Bxe5 Nxe5 31. Rc8+ Kh7 32. Nxe5 Bxf6 33. Nexf7 Ra6 34. Rc2 Kg7 35. g4 Rb6 36. Kg2 a5 37. Kg3 a4 38. b4 Rxd6 39. Nxd6 Be5+ 40. Kf3 Bxd6 41. a3 Kf6 42. Ke4 Ke7 43. Rc6 Bxh2 44. Rb6 h5 45. gxh5 gxh5 46. Rxb5 h4 47. Ra5 Bg3 48. Kf3 Kd6 49. Rxa4 e5 50. b5 Kc5 51. Rb4 Kb6 52. a4 Ka5 53. Rc4 1-0


[Site "https://www.chess.com"]

[Event "Titled Tuesday Blitz June 14 Late 2022"]
[White "Hoffmann, Asa"]
[Black "Przybylski, Wojciech"]
[WhiteFideId "2001470"]
[BlackFideId "1117599"]
[WhiteElo "2117"]
[BlackElo "2133"]
[Result "1-0"]
[Round "08"]
[TimeControl "180+1"]
[Date "2022.06.14"]
[WhiteClock "0:00:17"]
[BlackClock "0:00:01"]

1. d4 Nf6 2. Bg5 e6 3. Nd2 h6 4. Bh4 d5 5. e3 Be7 6. f4 Nbd7 7. Bd3 c5 8. c3 Qb6 9. Rb1 cxd4 10. exd4 Bd6 11. Qf3 Qc7 12. Ne2 b6 13. h3 Bb7 14. Qe3 O-O-O 15. Nf3 Rde8 16. Ne5 Rhf8 17. O-O Ne4 18. c4 Nxe5 19. fxe5 Be7 20. cxd5 Bxh4 21. Rbc1 Nc5 22. dxc5 Bg5 23. Nf4 Kb8 24. cxb6 Qxb6 25. Qxb6 axb6 26. d6 f6 27. d7 Rd8 28. Nxe6 Be3+ 29. Kh1 Bxc1 30. Rxc1 Rxd7 31. Nxf8 Rxd3 32. e6 Re3 33. Kg1 Bd5 34. Kf2 Re4 35. Re1 Rxe1 36. Kxe1 Kc7 37. a4 Kd6 38. b4 Bc6 39. a5 bxa5 40. bxa5 Bb5 41. Kd2 Ke7 42. Nd7 Kxe6 43. Nc5+ Kd5 44. Nd3 Kd4 45. Nf4 Ke5 46. g3 1-0


[Site "https://www.chess.com"]

[Event "Titled Tuesday Blitz June 14 Late 2022"]
[White "Holt, Conrad"]
[Black "Martinez Alcantara, Jose Eduardo"]
[WhiteFideId "2034387"]
[BlackFideId "3805662"]
[WhiteElo "2586"]
[BlackElo "2703"]
[Result "0-1"]
[Round "08"]
[TimeControl "180+1"]
[Date "2022.06.14"]
[WhiteClock "0:00:04"]
[BlackClock "0:00:06"]

1. d4 Nf6 2. c4 e6 3. Nc3 Bb4 4. Qc2 d6 5. Nf3 Nbd7 6. Bd2 b6 7. e4 e5 8. a3 Bxc3 9. Bxc3 Bb7 10. d5 a5 11. b4 axb4 12. axb4 Rxa1+ 13. Bxa1 c5 14. b5 Nf8 15. Be2 Ng6 16. g3 O-O 17. O-O Bc8 18. Kg2 h6 19. Bb2 Nh7 20. Nd2 Ng5 21. Kh1 Bh3 22. Rg1 Qd7 23. f3 f5 24. Qd3 f4 25. Bc3 Ra8 26. Ra1 Rf8 27. Qb1 h5 28. Qg1 Qe7 29. Ra6 fxg3 30. hxg3 Bc8 31. Rxb6 Nh3 32. Qe3 h4 33. g4 Nhf4 34. Bf1 h3 35. Qe1 Ng2 36. Qg3 N6f4 37. Rc6 Ne3 38. b6 Qb7 39. Bxh3 Qa6 40. Qg1 Nc2 41. Bf1 Qa3 42. Nb1 Qa2 43. Rxd6 Qxb1 44. Bxe5 Qd1 45. Qf2 Nd3 46. Qe2 Qxe2 47. Bxe2 Nxe5 48. Kg2 Nd4 49. Bd1 Nxc4 50. Rc6 Nxc6 51. dxc6 Nxb6 0-1


[Site "https://www.chess.com"]

[Event "Titled Tuesday Blitz June 14 Late 2022"]
[White "Ibarra Jerez, Jose Carlos"]
[Black "Kosteniuk, Alexandra"]
[WhiteFideId "2226332"]
[BlackFideId "4128125"]
[WhiteElo "2628"]
[BlackElo "2469"]
[Result "1-0"]
[Round "08"]
[TimeControl "180+1"]
[Date "2022.06.14"]
[WhiteClock "0:00:19"]
[BlackClock "0:00:03"]

1. Nf3 Nf6 2. g3 b6 3. Bg2 Bb7 4. O-O e6 5. c4 Be7 6. b3 O-O 7. Bb2 d5 8. Nc3 c5 9. e3 dxc4 10. bxc4 Nbd7 11. Qe2 Rc8 12. Rab1 Qc7 13. d3 Rfd8 14. Rfd1 Qb8 15. Ba1 Qa8 16. Ne1 Bxg2 17. Nxg2 Ne5 18. Ne1 Nc6 19. f4 Rd7 20. Nf3 Rcd8 21. h3 Bf8 22. g4 Ne8 23. g5 Nd6 24. Nh2 Nf5 25. a3 Nce7 26. Ne4 Ng6 27. Ng4 Be7 28. Bc3 Qc6 29. Kf2 a6 30. a4 Rb7 31. Qa2 Rbd7 32. Qc2 Rb7 33. Rd2 Kf8 34. Qb3 Rdb8 35. Be5 Rd8 36. Qc2 Rdd7 37. Rb2 Rd8 38. Ra2 Rbd7 39. Qc3 Kg8 40. Ra1 Rb7 41. Rh1 b5 42. axb5 axb5 43. cxb5 Rxb5 44. h4 c4 45. h5 Nxe5 46. Nxe5 Rxe5 47. fxe5 Rd5 48. Qxc4 Qd7 49. d4 Ra5 50. Rc1 Bf8 51. Qc6 Qa7 52. Qe8 1-0


[Site "https://www.chess.com"]

[Event "Titled Tuesday Blitz June 14 Late 2022"]
[White "Injac, Teodora"]
[Black "Bayo Milagro, Alvaro"]
[WhiteFideId "932400"]
[BlackFideId "22275240"]
[WhiteElo "2278"]
[BlackElo "2270"]
[Result "1/2-1/2"]
[Round "08"]
[TimeControl "180+1"]
[Date "2022.06.14"]
[WhiteClock "0:00:15"]
[BlackClock "0:00:14"]

1. Nf3 Nf6 2. c4 g6 3. Nc3 Bg7 4. e4 d6 5. d4 O-O 6. Be2 Bg4 7. Be3 Nfd7 8. h3 Bxf3 9. Bxf3 c5 10. d5 Na6 11. O-O Nc7 12. a4 Re8 13. Be2 e6 14. dxe6 Nxe6 15. Nb5 Nd4 16. Nxd4 cxd4 17. Bxd4 Bxd4 18. Qxd4 Nc5 19. Rad1 Rxe4 20. Qd2 Qe7 21. Bf3 Rxc4 22. Rfe1 Qf6 23. b4 Nxa4 24. Qxd6 Qxd6 25. Rxd6 Rxb4 26. Re7 Rf4 27. Bxb7 Rb8 28. Bd5 Nc5 29. Rxa7 Rb1+ 30. Kh2 Rxf2 31. Rd8+ Kg7 32. Rc7 Na6 33. Re7 Nc5 34. Rc7 Na6 35. Re7 Nc5 36. Rc7 1/2-1/2


[Site "https://www.chess.com"]

[Event "Titled Tuesday Blitz June 14 Late 2022"]
[White "Isajevsky, Anton"]
[Black "Rustemov, Alexander"]
[WhiteFideId "4142500"]
[BlackFideId "4119002"]
[WhiteElo "2510"]
[BlackElo "2765"]
[Result "0-1"]
[Round "08"]
[TimeControl "180+1"]
[Date "2022.06.14"]
[WhiteClock "0:00:01"]
[BlackClock "0:00:12"]

1. c4 c5 2. Nc3 g6 3. g3 Bg7 4. Bg2 Nc6 5. Rb1 b6 6. a3 Bxc3 7. dxc3 Bb7 8. Nh3 d6 9. Nf4 Qd7 10. b3 h5 11. h4 Nf6 12. Nd5 Ng4 13. Bh3 f5 14. f3 Nf6 15. e4 O-O-O 16. exf5 gxf5 17. Nxf6 exf6 18. Qc2 Ne7 19. Kf2 d5 20. Rd1 Qc6 21. Bf4 dxc4 22. Bxf5+ Nxf5 23. Qxf5+ Rd7 24. Qxd7+ Qxd7 25. Rxd7 Kxd7 26. Rd1+ Ke7 27. bxc4 Ba6 28. Re1+ Kf7 29. Rd1 Ke7 30. Re1+ Kd7 31. Rd1+ Kc8 32. Rd6 Rf8 33. Rc6+ Kb7 34. Rc7+ Ka8 35. Rh7 Bxc4 36. Rxh5 Re8 37. g4 Re2+ 38. Kg3 Rc2 39. Rh8+ Kb7 40. h5 Rxc3 41. h6 Be2 42. h7 Rxf3+ 43. Kh4 Rxf4 44. Rb8+ Kxb8 45. h8=Q+ Kb7 46. Qg7+ Ka6 47. Qe7 Bxg4 48. Kg3 Rd4 49. Qxf6 Bd1 50. Kf2 Ba4 51. Ke3 Ka5 52. Qe7 a6 53. Qf6 Bb5 54. Qe7 Rd3+ 55. Ke4 Rxa3 56. Qd6 Rd3 57. Qf8 Rd4+ 58. Ke5 Bd3 59. Qf2 b5 60. Qb2 Kb6 61. Qc3 b4 62. Qb2 a5 63. Qb3 Kb5 0-1


[Site "https://www.chess.com"]

[Event "Titled Tuesday Blitz June 14 Late 2022"]
[White "Jiganchine, Roman"]
[Black "De La Colina, Nicolas"]
[WhiteFideId "2603667"]
[BlackFideId "30946921"]
[WhiteElo "2224"]
[BlackElo "2046"]
[Result "0-1"]
[Round "08"]
[TimeControl "180+1"]
[Date "2022.06.15"]
[WhiteClock "0:00:04"]
[BlackClock "0:00:04"]

1. Nf3 d6 2. d4 Nf6 3. Nc3 Nbd7 4. e4 e5 5. Be3 Be7 6. h3 c6 7. a4 a5 8. Be2 Qc7 9. O-O h6 10. Qd2 g5 11. Nh2 Nf8 12. Ng4 Ng6 13. Nxf6+ Bxf6 14. Bg4 O-O 15. Ne2 Nf4 16. Ng3 Be6 17. c3 Rad8 18. Nh5 Nxh5 19. Bxh5 d5 20. exd5 Bxd5 21. Qc2 Kg7 22. Rad1 Rfe8 23. dxe5 Bxe5 24. Bd4 Bxd4 25. Rxd4 c5 26. Rdd1 Qc6 27. f3 Qb6 28. c4 Be6 29. Bg4 Bxg4 30. hxg4 Qf6 31. Kh2 Qf4+ 32. Kh3 Rd4 33. Rfe1 Rxe1 34. Rxe1 Rxc4 35. Qb3 Rb4 36. Qc3+ Qf6 37. Qxc5 Rxb2 38. Re8 Kg6 39. Rg8+ Kh7 40. Rf8 Kg6 41. Qc4 Rb6 42. Qe4+ Kg7 43. Re8 Re6 44. Rxe6 Qxe6 45. Qxb7 Qe1 46. Qb2+ Kg8 47. Qb8+ Kh7 48. Qb2 Qh4# 0-1


[Site "https://www.chess.com"]

[Event "Titled Tuesday Blitz June 14 Late 2022"]
[White "Jobava, Baadur"]
[Black "Bernadskiy, Vitaliy"]
[WhiteFideId "13601520"]
[BlackFideId "14100371"]
[WhiteElo "2617"]
[BlackElo "2473"]
[Result "0-1"]
[Round "08"]
[TimeControl "180+1"]
[Date "2022.06.14"]
[WhiteClock "0:00:15"]
[BlackClock "0:00:47"]

1. b3 e5 2. Bb2 Nc6 3. Nf3 e4 4. Nd4 Nf6 5. e3 Bc5 6. Nxc6 dxc6 7. d4 exd3 8. Bxd3 Qe7 9. Nd2 Bg4 10. Be2 Bxe2 11. Qxe2 O-O-O 12. O-O Rhe8 13. Rad1 Ba3 14. Bxf6 Qxf6 15. Nc4 Be7 16. Qg4+ Kb8 17. g3 g6 18. Rxd8+ Rxd8 19. Rd1 Rxd1+ 20. Qxd1 Qe6 21. Qd3 b6 22. Kg2 Kb7 23. e4 f6 24. f4 b5 25. Nd2 Bc5 26. Nf3 a5 27. e5 fxe5 28. Nxe5 Bd6 29. Nf3 Qd5 30. h4 Qxd3 31. cxd3 Kb6 32. Ng5 Kc5 33. Nxh7 Kd4 34. Kf3 Kxd3 35. g4 c5 36. Nf6 c4 37. bxc4 bxc4 38. Ne4 c3 39. Nxc3 Kxc3 40. Ke4 Kb2 41. f5 gxf5+ 42. gxf5 c5 43. Kd5 Bf8 44. a4 Kb3 45. f6 c4 46. Ke6 c3 47. Kf7 Bc5 48. h5 c2 49. h6 c1=Q 50. h7 Qh6 51. Kg8 Qf8# 0-1


[Site "https://www.chess.com"]

[Event "Titled Tuesday Blitz June 14 Late 2022"]
[White "Kalajzic, Ivan"]
[Black "Seletsky, Grigory"]
[WhiteFideId "14506378"]
[BlackFideId "14112191"]
[WhiteElo "2163"]
[BlackElo "2492"]
[Result "1-0"]
[Round "08"]
[TimeControl "180+1"]
[Date "2022.06.15"]
[WhiteClock "0:00:17"]
[BlackClock "0:00:01"]

1. b3 e5 2. Bb2 Nc6 3. e3 d6 4. Bb5 Bd7 5. Nf3 Nf6 6. d4 e4 7. Nfd2 d5 8. a3 Ne7 9. Be2 Ng6 10. c4 c6 11. Nc3 Bd6 12. Qc2 O-O 13. O-O-O b5 14. c5 Bc7 15. f4 h5 16. Rdg1 a5 17. Nd1 b4 18. a4 Bg4 19. Nf1 Qd7 20. h3 Bxe2 21. Qxe2 h4 22. g4 hxg3 23. Rxg3 Nh4 24. Rhg1 Nf5 25. Rg5 g6 26. Nf2 Kg7 27. Ng4 Nxg4 28. R5xg4 Rh8 29. Qg2 Qe6 30. Kb1 Rh5 31. Bc1 Rah8 32. Rh1 Nh4 33. Qg3 f5 34. Rg5 Rxg5 35. Qxg5 Nf3 36. Qg3 Bd8 37. Qg2 Kf7 38. Nd2 Nh4 39. Qf2 Bf6 40. Nf1 Qe8 41. Bd2 Qg8 42. Be1 Qh7 43. Qe2 Ra8 44. Bxh4 Bxh4 45. Qg2 Qh5 46. Kc2 Rg8 47. Ng3 Qf3 48. Qxf3 exf3 49. Nf1 1-0


[Site "https://www.chess.com"]

[Event "Titled Tuesday Blitz June 14 Late 2022"]
[White "Kamsky, Gata"]
[Black "Mikhailov, Viacheslav"]
[WhiteFideId "2000024"]
[BlackFideId "4187369"]
[WhiteElo "2645"]
[BlackElo "2381"]
[Result "1-0"]
[Round "08"]
[TimeControl "180+1"]
[Date "2022.06.14"]
[WhiteClock "0:00:54"]
[BlackClock "0:00:01"]

1. e4 d6 2. d4 Nf6 3. Nc3 g6 4. Nf3 Bg7 5. h3 O-O 6. Bd3 c6 7. O-O b5 8. a4 b4 9. Ne2 a5 10. Ng3 Ba6 11. c3 bxc3 12. bxc3 c5 13. dxc5 dxc5 14. Bxa6 Nxa6 15. Qe2 Qc7 16. Bg5 h6 17. Bxf6 Bxf6 18. Qc4 Qc6 19. Rab1 Nc7 20. e5 Bg7 21. Ne4 Ne6 22. Rb5 Rfc8 23. Rfb1 Ra7 24. h4 Rd7 25. Rxa5 Rcd8 26. Ra6 Rd1+ 27. Rxd1 Rxd1+ 28. Kh2 Qc7 29. Rxe6 fxe6 30. Qxe6+ Kh8 31. a5 Qd7 32. Qxg6 e6 33. Nf6 Bxf6 34. Qxh6+ Kg8 35. exf6 Qc7+ 36. g3 Qb7 37. Qg6+ Kf8 38. a6 Qf7 39. Qh6+ Ke8 40. Ne5 Qa7 41. Qh8# 1-0


[Site "https://www.chess.com"]

[Event "Titled Tuesday Blitz June 14 Late 2022"]
[White "Korchmar, Vasiliy"]
[Black "Zierk, Steven"]
[WhiteFideId "24131750"]
[BlackFideId "2034255"]
[WhiteElo "2370"]
[BlackElo "2494"]
[Result "0-1"]
[Round "08"]
[TimeControl "180+1"]
[Date "2022.06.14"]
[WhiteClock "0:00:26"]
[BlackClock "0:00:48"]

1. e4 e6 2. d4 d5 3. e5 c5 4. c3 Nc6 5. Nf3 Qb6 6. Be2 Nge7 7. Na3 cxd4 8. cxd4 Nf5 9. Nc2 Be7 10. O-O O-O 11. Bd3 Bd7 12. Bxf5 exf5 13. Bg5 Bxg5 14. Nxg5 h6 15. Nf3 f4 16. Qd2 Bf5 17. Rfc1 Rac8 18. h3 Qxb2 19. Nfe1 Bxc2 20. Nxc2 Nxd4 21. Rab1 Qxa2 22. Ra1 Rxc2 23. Qxd4 Qc4 24. Qd1 Rxc1 25. Rxc1 Qe4 26. Qb3 b6 27. Qb2 d4 28. Qb5 Rd8 29. Rc7 d3 30. Qb3 Qd5 31. Qd1 Qxe5 32. Rxa7 d2 0-1


[Site "https://www.chess.com"]

[Event "Titled Tuesday Blitz June 14 Late 2022"]
[White "Kovacevic, Radmila"]
[Black "Barash, Anton"]
[WhiteFideId "933171"]
[BlackFideId "30935229"]
[WhiteElo "2115"]
[BlackElo "2143"]
[Result "1-0"]
[Round "08"]
[TimeControl "180+1"]
[Date "2022.06.15"]
[WhiteClock "0:00:20"]
[BlackClock "0:00:01"]

1. e4 e6 2. Nf3 d5 3. exd5 exd5 4. d4 Nf6 5. Bd3 Bd6 6. O-O O-O 7. h3 c6 8. Re1 Nbd7 9. Nbd2 Qc7 10. Nf1 a5 11. g4 a4 12. g5 Nh5 13. Ne5 g6 14. Ng4 Nb6 15. Nh6+ Kh8 16. Kg2 Bf4 17. Qf3 Bxc1 18. Raxc1 Nf4+ 19. Kh1 Bxh3 20. Ne3 Rae8 21. Rg1 Nd7 22. Rg3 Nxd3 23. cxd3 Be6 24. Rg2 Qb6 25. Qf4 Qxb2 26. Rcg1 Qxa2 27. Rh2 Kg7 28. Qh4 Rh8 29. Nhg4 Qe2 30. Ne5 Nxe5 31. dxe5 Qf3+ 32. Ng2 a3 33. Qh6+ Kg8 34. Rh4 a2 35. Rf4 Qh3+ 36. Qxh3 Bxh3 37. d4 Bxg2+ 38. Kxg2 Ra8 39. Ra1 Kg7 40. Rf6 b5 41. e6 fxe6 42. Rxe6 b4 43. Re7+ Kf8 44. Rb7 Ra4 45. Kf3 h5 46. Kf4 h4 47. Ke5 h3 48. Kf6 Kg8 49. Rh1 a1=Q 50. Rb8+ Kh7 51. Rxh3# 1-0


[Site "https://www.chess.com"]

[Event "Titled Tuesday Blitz June 14 Late 2022"]
[White "Kovanova, Baira"]
[Black "Yaksin, Oleg"]
[WhiteFideId "4164083"]
[BlackFideId "24105880"]
[WhiteElo "2190"]
[BlackElo "2256"]
[Result "1-0"]
[Round "08"]
[TimeControl "180+1"]
[Date "2022.06.15"]
[WhiteClock "0:00:51"]
[BlackClock "0:00:10"]

1. e4 c5 2. Nf3 d6 3. d4 cxd4 4. Nxd4 Nf6 5. Nc3 Nc6 6. Bg5 e6 7. Bb5 Bd7 8. Qd2 Be7 9. O-O a6 10. Bxc6 bxc6 11. f4 h6 12. Bxf6 Bxf6 13. Kh1 O-O 14. Nf3 Be7 15. Rad1 Qb6 16. b3 Rad8 17. a4 Qc7 18. Qe2 a5 19. Qc4 Bc8 20. f5 Qb6 21. Nd4 c5 22. Ndb5 Bf6 23. Qd3 Be5 24. Qf3 Bb7 25. Qg4 Rde8 26. f6 g6 27. Qh4 Kh7 28. Rd3 Rh8 29. Rfd1 Ba6 30. Rxd6 Bxd6 31. Nxd6 Ref8 32. e5 Qc6 33. Nce4 Kg8 34. Qg3 c4 35. Re1 Kh7 36. Qh4 cxb3 37. cxb3 Bd3 38. Ng5+ Kg8 39. Ngxf7 Rxf7 40. Nxf7 Kxf7 41. Qd4 Bf5 42. Qa7+ 1-0


[Site "https://www.chess.com"]

[Event "Titled Tuesday Blitz June 14 Late 2022"]
[White "Ladan, Nicholas"]
[Black "Hnydiuk, Aleksander"]
[WhiteFideId "30918855"]
[BlackFideId "1109057"]
[WhiteElo "2167"]
[BlackElo "2374"]
[Result "0-1"]
[Round "08"]
[TimeControl "180+1"]
[Date "2022.06.15"]
[WhiteClock "0:00:04"]
[BlackClock "0:00:31"]

1. d4 Nf6 2. Nf3 g6 3. g3 Bg7 4. Bg2 O-O 5. c4 d6 6. O-O Nc6 7. Nc3 e5 8. dxe5 dxe5 9. Bg5 Be6 10. Nd2 h6 11. Bxf6 Bxf6 12. Nd5 Bg7 13. e4 Nd4 14. Nb3 c6 15. Ne3 a5 16. Nc5 Bc8 17. Rc1 Qb6 18. Nd3 Rd8 19. c5 Qc7 20. Nc4 Be6 21. Re1 a4 22. Qd2 h5 23. h4 Kh7 24. Qc3 f6 25. Rcd1 Bh6 26. b4 axb3 27. axb3 Bg4 28. Ra1 Ne2+ 29. Rxe2 Rxa1+ 30. Qxa1 Bxe2 31. Ndb2 Rd4 32. Qa8 Rd8 33. Qa7 Bf8 34. b4 Rd4 35. Bf1 Bxf1 36. Kxf1 Rxe4 37. Qa8 Qd7 38. Kg2 Kg7 39. Qb8 Be7 40. Nb6 Qe6 41. Qxb7 Rxb4 42. Nd3 Rb3 43. Qa6 g5 44. hxg5 fxg5 45. Ne1 e4 46. Qa1+ Kg6 47. Qd1 Bxc5 48. Nd7 Be7 49. Qd4 e3 50. Ne5+ Kh6 51. fxe3 Qd5+ 52. Qxd5 cxd5 53. Kf2 Bc5 54. N5d3 Bb6 55. Kf3 Kg6 56. e4 Ba5 57. Ke2 Bxe1 58. Nxe1 dxe4 59. Ng2 Rxg3 60. Kf2 Rf3+ 61. Kg1 Kf5 62. Kh2 h4 63. Kg1 e3 64. Ne1 Ke4 65. Kg2 Rf2+ 66. Kh3 Re2 67. Ng2 Rxg2 68. Kxg2 Kd3 69. Kf1 Kd2 0-1


[Site "https://www.chess.com"]

[Event "Titled Tuesday Blitz June 14 Late 2022"]
[White "Lagno, Kateryna"]
[Black "Lashkin, Jegor"]
[WhiteFideId "14109336"]
[BlackFideId "13907808"]
[WhiteElo "2522"]
[BlackElo "2368"]
[Result "0-1"]
[Round "08"]
[TimeControl "180+1"]
[Date "2022.06.14"]
[WhiteClock "0:00:01"]
[BlackClock "0:00:03"]

1. e4 c5 2. Nf3 d6 3. d4 cxd4 4. Nxd4 Nf6 5. Nc3 a6 6. Be2 e5 7. Nb3 Be7 8. Be3 Be6 9. Nd5 Nbd7 10. Qd3 Bxd5 11. exd5 Rc8 12. c4 O-O 13. O-O h5 14. h3 g6 15. Bd2 b6 16. Be3 Ne8 17. f4 exf4 18. Bxf4 Ne5 19. Qe4 Bf6 20. Nd4 Bg7 21. Nc6 Qc7 22. Bf3 Nf6 23. Qc2 Rce8 24. Rac1 Nfd7 25. b4 a5 26. a3 Kh7 27. Be4 Bh6 28. Bxh6 Kxh6 29. Qd2+ Kg7 30. Nd4 axb4 31. axb4 Qd8 32. Bb1 Qh4 33. Rf4 Qe7 34. Rcf1 Kh8 35. R4f2 Kg7 36. Nc6 Qh4 37. Rf4 Qg3 38. Nd4 Kg8 39. c5 Nc4 40. Qc2 Qe3+ 41. Kh1 Nce5 42. c6 Nb8 43. Nb5 Na6 0-1


[Site "https://www.chess.com"]